 Dungeon Crawl Stone Soup version 0.18.1-48-g4cf74bf (webtiles) character file.

34 sdOOK the Charmwright (level 3, -1/27 HPs)
             Began as a Human Skald on Aug 25, 2016.
             Slain by an adder (3 damage)
             ... on level 2 of the Dungeon.
             The game lasted 00:09:43 (1713 turns).

sdOOK the Charmwright (Human Skald)                 Turns: 1713, Time: 00:09:45

Health: -1/27      AC:  3    Str: 12    XL:     3   Next: 50%
Magic:  2/6        EV: 11    Int: 13    God:
Gold:   70         SH:  0    Dex: 12    Spells: 3 memorised, 1 level left

rFire  . . .     SeeInvis .     a - +0 short sword
rCold  . . .     Gourm    .     b - +0 leather armour
rNeg   . . .     Faith    .     (no shield)
rPois  .         Spirit   .     (no helmet)
rElec  .         Dismiss  .     (no cloak)
rCorr  .         Reflect  .     (no gloves)
SustAt .         Harm     .     (no boots)
MR     .....                    (no amulet)
Stlth  ..........               (no ring)
                                e - ring of loudness (curse)

@: lethally poisoned (-1 -> -8), infused, not resistant to hostile enchantments,
extremely unstealthy
A: no striking features
a: no special abilities


You were on level 2 of the Dungeon.
You were not hungry.

You visited 1 branch of the dungeon, and saw 2 of its levels.

You collected 70 gold pieces.

Inventory:

Hand Weapons
 a - a +0 short sword (weapon)
 g - a +0 trident
Armour
 b - a +0 leather armour (worn)
 f - a +0 ring mail
 j - a +0 buckler
Jewellery
 e - a cursed ring of loudness (left hand)
 m - a +1 ring of evasion {unknown}
Scrolls
 k - a scroll of random uselessness
 l - a scroll of enchant armour {unknown}
Books
 c - a book of Battle

   Spells                             Type                      Level
   a - Infusion                       Charms                       1
   b - Shroud of Golubria             Charms/Translocation         2
   c - Song of Slaying                Charms                       2
   d - Spectral Weapon                Hexes/Charms                 3
   e - Regeneration                   Charms/Necromancy            3
Comestibles
 d - a bread ration
 h - a chunk of flesh
 i - a meat ration


   Skills:
 + Level 2.2 Fighting
 + Level 2.2 Short Blades
 + Level 1.1 Armour
 + Level 1.2 Dodging
 + Level 2.2 Spellcasting
 + Level 3.7 Charms


You had one spell level left.
You knew the following spells:

 Your Spells              Type           Power        Failure   Level  Hunger
a - Infusion              Chrm           ##..         10%         1    ##.....
b - Shroud of Golubria    Chrm/Tloc      #.........   28%         2    ###....
c - Song of Slaying       Chrm           ##......     12%         2    ###....


Dungeon Overview and Level Annotations

Branches:
Dungeon (2/15)

Altars:


Message History

Your shroud falls apart!
The adder misses you.
You closely miss the adder.
The adder is heavily wounded.
You feel sick. The rat barely misses you. The adder bites you.
You are lethally poisoned!
The adder poisons you!
You feel sick.
You miss the adder.
The adder is heavily wounded.
* * * LOW HITPOINT WARNING * * *
You feel sick. The adder bites you but does no damage.
The rat barely misses you.
You closely miss the adder.
The adder is heavily wounded.
* * * LOW HITPOINT WARNING * * *
You feel sick. The adder bites you.
* * * LOW HITPOINT WARNING * * *
The rat barely misses you. The adder bites you.
You die...

.#...# !.....# ...$...
....... ##. $......##
####.....
........######....#...
........#.........#..
......<)S@.........###
........r.............
..................####.
....................... #
..................###....
..................##..#
.....................#
.................#####
................#


You could see an adder and a rat.

Vanquished Creatures
  An adder (D:2)
  A dart slug (D:1)
  2 giant cockroaches (D:1)
  4 goblins (D:1)
  A hobgoblin (D:1)
  2 jackals (D:1)
  3 kobolds (D:1)
  4 bats (D:1)
  A giant newt (D:1)
  4 rats (D:1)
23 creatures vanquished.

Notes
Turn   | Place    | Note
--------------------------------------------------------------
     0 | D:1      | sdOOK the Human Skald began the quest for the Orb.
     0 | D:1      | Reached XP level 1. HP: 16/16 MP: 3/3
   217 | D:1      | Reached XP level 2. HP: 10/22 MP: 3/5
  1041 | D:1      | Reached XP level 3. HP: 25/27 MP: 1/6
  1087 | D:1      | Learned a level 2 spell: Shroud of Golubria
  1090 | D:1      | Learned a level 2 spell: Song of Slaying
  1713 | D:2      | Slain by an adder

Action                   || total
-------------------------++-------
Melee: Short sword       ||    81
 Cast: Infusion          ||    14
       Shroud of Golubri ||     3
       Song of Slaying   ||     2
  Use: Scroll            ||     2
       Potion            ||     1
  Eat: Chunk             ||     2
       Beef jerky        ||     1
Armor: Ring mail         ||     8
       Leather armour    ||    23
Dodge: Dodged            ||    53
